 Dungeon Crawl Stone Soup version 0.21.1-1-g345015f (webtiles) character file.

114 tidbits the Grave Robber (level 4, -4/32 HPs)
             Began as a Gnoll Necromancer on June 17, 2018.
             Slain by a big kobold
             ... wielding a +0 whip
              (7 damage)
             ... on level 4 of the Dungeon.
             The game lasted 00:04:05 (399 turns).

tidbits the Grave Robber (Gnoll Necromancer)         Turns: 399, Time: 00:04:06

Health: -4/32      AC:  2    Str: 15    XL:     4   Next: 97%
Magic:  4/11       EV: 15    Int: 19    God:
Gold:   45         SH:  0    Dex: 15    Spells: 5/13 levels left

rFire    . . .     SeeInvis .   a - +0 short sword
rCold    . . .     Gourm    .   (no shield)
rNeg     . . .     Faith    .   g - +0 robe
rPois    .         Spirit   .   (no helmet)
rElec    .         Reflect  .   (no cloak)
rCorr    .         Harm     .   (no gloves)
MR       .....                  (no boots)
Stlth    ++++......             (no amulet)
HPRegen  0.10/turn              j - ring of stealth
MPRegen  0.12/turn              (no ring)

@: mighty
A: distributed training, fangs 1, strong nose
a: no special abilities


You were on level 4 of the Dungeon.
You were not hungry.

You visited 1 branch of the dungeon, and saw 4 of its levels.

You collected 45 gold pieces.

Inventory:

Hand Weapons
 a - a +0 short sword (weapon)
 h - a +0 club
 i - a +0 whip of freezing
   (You found it on level 3 of the Dungeon)
Armour
 g - a +0 robe (worn)
Jewellery
 e - an uncursed ring of fire
   (You found it on level 1 of the Dungeon)
 j - a ring of stealth (left hand)
   (You found it on level 2 of the Dungeon)
Scrolls
 d - 2 scrolls of remove curse {unknown}
 f - a scroll of teleportation {unknown}
 k - a scroll of noise {unknown}
Books
 b - a book of Necromancy

   Spells                             Type                      Level
   a - Pain                           Necromancy                   1
   b - Animate Skeleton               Necromancy                   1
   c - Vampiric Draining              Necromancy                   3
   d - Regeneration                   Charms/Necromancy            3
   e - Animate Dead                   Necromancy                   4
   f - Borgnjor's Vile Clutch         Necromancy/Earth             5
Comestibles
 c - 2 rations


   Skills:
 + Level 1.2 Fighting
 + Level 1.2 Short Blades
 + Level 1.2 Long Blades
 + Level 1.2 Axes
 + Level 1.2 Maces & Flails
 + Level 1.2 Polearms
 + Level 1.2 Staves
 + Level 1.2 Slings
 + Level 1.2 Bows
 + Level 1.2 Crossbows
 + Level 1.2 Throwing
 + Level 1.2 Armour
 + Level 4.7 Dodging
 + Level 4.3 Stealth
 + Level 1.2 Shields
 + Level 1.2 Unarmed Combat
 + Level 5.1 Spellcasting
 + Level 1.0 Conjurations
 + Level 1.0 Hexes
 + Level 1.0 Charms
 + Level 1.0 Summonings
 + Level 7.1 Necromancy
 + Level 1.0 Translocations
 + Level 1.0 Transmutations
 + Level 1.0 Fire Magic
 + Level 1.0 Ice Magic
 + Level 1.0 Air Magic
 + Level 1.0 Earth Magic
 + Level 1.0 Poison Magic
 + Level 1.4 Invocations
 + Level 1.2 Evocations


You had 5 spell levels left.
You knew the following spells:

 Your Spells              Type           Power        Failure   Level  Hunger
a - Pain                  Necr           ####         1%          1    None
d - Vampiric Draining     Necr           ####......   1%          3    ##.....
n - Animate Skeleton      Necr           N/A          1%          1    None
r - Regeneration          Chrm/Necr      ###.......   7%          3    ##.....


Dungeon Overview and Level Annotations

Branches:
Dungeon (4/15)
 Temple: D:4-7

Altars:
Dithmenos
Gozag


Innate Abilities, Weirdness & Mutations

Your experience applies equally to all skills.
You have very sharp teeth.
Your uncanny sense of smell can sniff out nearby items.


Message History

There is a stone staircase leading down here.
You climb downwards.
A hound and a worker ant come into view.
There is a stone staircase leading up here.
Unknown command.
A frilled lizard comes into view.
The frilled lizard hisses angrily.
Unknown command.
Unknown command.
The helpless hound fails to defend itself.
You puncture the hound!
The hound is severely wounded.
The hound bites you. The frilled lizard bites you.
The hound completely misses you.
Casting: Pain
Confirm with . or Enter, or press ? or * to list all spells.
Aiming: Pain
Press: ? - help, Shift-Dir - straight line, f - hound
Aim: a hound (severely wounded, chance to defeat MR: 89%)
The hound writhes in agony!
The worker ant twitches its antennae in your direction.
The hound bites you but does no damage. The frilled lizard barely misses you.
Casting: Pain
Confirm with . or Enter, or press ? or * to list all spells.
Aiming: Pain
Press: ? - help, Shift-Dir - straight line, f/p - hound
Aim: a hound (almost dead, chance to defeat MR: 89%)
The hound writhes in agony!
You kill the hound!
The frilled lizard bites you.
Casting: Pain
Confirm with . or Enter, or press ? or * to list all spells.
Aiming: Pain
Press: ? - help, Shift-Dir - straight line, f - worker ant
Aim: a worker ant (chance to defeat MR: 89%)
The worker ant writhes in agony!
The frilled lizard bites you.
Casting: Pain
Confirm with . or Enter, or press ? or * to list all spells.
Aiming: Pain
Press: ? - help, Shift-Dir - straight line, f/p - worker ant
Aim: a worker ant (heavily wounded, chance to defeat MR: 89%)
The worker ant writhes in agony!
You kill the worker ant!
Your Conjurations skill increases to level 1!
Your Hexes skill increases to level 1!
Your Charms skill increases to level 1!
Your Summonings skill increases to level 1!
Your Translocations skill increases to level 1!
Your Transmutations skill increases to level 1!
Your Fire Magic skill increases to level 1!
Your Ice Magic skill increases to level 1!
Your Air Magic skill increases to level 1!
Your Earth Magic skill increases to level 1!
Your Poison Magic skill increases to level 1!
The frilled lizard bites you.
* * * LOW HITPOINT WARNING * * *
You closely miss the frilled lizard. The frilled lizard closely misses you.
You hit the frilled lizard.
The frilled lizard is heavily wounded.
The frilled lizard bites you.
* * * LOW HITPOINT WARNING * * *
You hit the frilled lizard.
You kill the frilled lizard!
A big kobold comes into view. It is wielding a whip.
Casting: Pain
Confirm with . or Enter, or press ? or * to list all spells.
Aiming: Pain
Press: ? - help, Shift-Dir - straight line, f - big kobold
Aim: a big kobold, wielding a whip (chance to defeat MR: 84%)
The big kobold writhes in agony!
Casting: Pain
Confirm with . or Enter, or press ? or * to list all spells.
Aiming: Pain
Press: ? - help, Shift-Dir - straight line, f/p - big kobold
Aim: a big kobold, wielding a whip (lightly wounded, chance to defeat MR: 84%)
The big kobold barely resists.
Casting: Pain
Confirm with . or Enter, or press ? or * to list all spells.
Aiming: Pain
Press: ? - help, Shift-Dir - straight line, f/p - big kobold
Aim: a big kobold, wielding a whip (chance to defeat MR: 84%)
The big kobold writhes in agony!
Casting: Pain
Confirm with . or Enter, or press ? or * to list all spells.
Aiming: Pain
Press: ? - help, Shift-Dir - straight line, f/p - big kobold
Aim: a big kobold, wielding a whip (lightly wounded, chance to defeat MR: 84%)
The big kobold barely resists.
The big kobold barely misses you.
Casting: Pain
Confirm with . or Enter, or press ? or * to list all spells.
Aiming: Pain
Press: ? - help, Shift-Dir - straight line, f/p - big kobold
Aim: a big kobold, wielding a whip (lightly wounded, chance to defeat MR: 84%)
The big kobold writhes in agony!
The big kobold hits you with a whip!
* * * LOW HITPOINT WARNING * * *
You feel very mighty all of a sudden. The big kobold closely misses you.
You puncture the big kobold!
The big kobold is severely wounded.
The big kobold hits you with a whip!
You die...

.......#
####......###
#...........##
............# ∆
...........#
#.†.......#
##.........###
#.<..........#
#.###..^##.#@##.#..
#.
#....##..K......#
#.
##.#..........#.#
.. #....#.#.##..#
.. #..#.#.#.# ..#
#.. ##.#.#.#.# .#
... ###.....# #
####..# .##


You could see a big kobold.

Vanquished Creatures
  A hound (D:4)
  A worker ant (D:4)
  4 adders (D:3)
  A worm (D:3)
  A dart slug (D:3)
  2 giant cockroaches
  4 goblins
  2 hobgoblins
  A kobold (D:3)
  5 bats
  A frilled lizard (D:4)
  2 rats
25 creatures vanquished.

Notes
Turn   | Place    | Note
-------+----------+-------------------------------------------
     0 | D:1      | tidbits the Gnoll Necromancer began the quest for the Orb.
     0 | D:1      | Reached XP level 1. HP: 13/13 MP: 6/6
   106 | D:2      | Reached XP level 2. HP: 14/19 MP: 4/7
   109 | D:2      | Learned a level 1 spell: Animate Skeleton
   188 | D:3      | Reached skill level 5 in Spellcasting
   188 | D:3      | Reached XP level 3. HP: 14/25 MP: 5/9
   193 | D:3      | Learned a level 3 spell: Regeneration
   198 | D:3      | Learned a level 3 spell: Vampiric Draining
   203 | D:3      | Found an opulent altar of Gozag.
   228 | D:3      | Reached skill level 1 in Invocations
   258 | D:3      | Reached skill level 1 in Fighting
   258 | D:3      | Reached skill level 1 in Short Blades
   258 | D:3      | Reached skill level 1 in Long Blades
   258 | D:3      | Reached skill level 1 in Axes
   258 | D:3      | Reached skill level 1 in Maces & Flails
   258 | D:3      | Reached skill level 1 in Polearms
   258 | D:3      | Reached skill level 1 in Staves
   258 | D:3      | Reached skill level 1 in Slings
   258 | D:3      | Reached skill level 1 in Bows
   258 | D:3      | Reached skill level 1 in Crossbows
   258 | D:3      | Reached skill level 1 in Throwing
   258 | D:3      | Reached skill level 1 in Armour
   258 | D:3      | Reached skill level 1 in Shields
   258 | D:3      | Reached skill level 1 in Unarmed Combat
   258 | D:3      | Reached skill level 1 in Evocations
   267 | D:3      | Reached XP level 4. HP: 13/32 MP: 1/11
   329 | D:2      | Found a shadowy altar of Dithmenos.
   383 | D:4      | Reached skill level 1 in Conjurations
   383 | D:4      | Reached skill level 1 in Hexes
   383 | D:4      | Reached skill level 1 in Charms
   383 | D:4      | Reached skill level 1 in Summonings
   383 | D:4      | Reached skill level 1 in Translocations
   383 | D:4      | Reached skill level 1 in Transmutations
   383 | D:4      | Reached skill level 1 in Fire Magic
   383 | D:4      | Reached skill level 1 in Ice Magic
   383 | D:4      | Reached skill level 1 in Air Magic
   383 | D:4      | Reached skill level 1 in Earth Magic
   383 | D:4      | Reached skill level 1 in Poison Magic
   389 | D:4      | Noticed a big kobold
   397 | D:4      | HP: 3/32 [big kobold/whip (9)]
   399 | D:4      | Slain by a big kobold

Skill      XL: |  1  2  3  4 |
---------------+-------------+-----
Spellcasting   | 5 |  5.1
Invocations    | 1 |  1.4
Fighting       | 1 |  1.2
Short Blades   | 1 |  1.2
Long Blades    | 1 |  1.2
Axes           | 1 |  1.2
Maces & Flails | 1 |  1.2
Polearms       | 1 |  1.2
Staves         | 1 |  1.2
Slings         | 1 |  1.2
Bows           | 1 |  1.2
Crossbows      | 1 |  1.2
Throwing       | 1 |  1.2
Armour         | 1 |  1.2
Shields        | 1 |  1.2
Unarmed Combat | 1 |  1.2
Evocations     | 1 |  1.2
Conjurations   | 1 |  1.0
Hexes          | 1 |  1.0
Charms         | 1 |  1.0
Summonings     | 1 |  1.0
Translocations | 1 |  1.0
Transmutations | 1 |  1.0
Fire Magic     | 1 |  1.0
Ice Magic      | 1 |  1.0
Air Magic      | 1 |  1.0
Earth Magic    | 1 |  1.0
Poison Magic   | 1 |  1.0
Dodging        | |  4.7
Stealth        | |  4.3
Necromancy     | |  7.1

Action                   |  1- 3 |  4- 6 || total
-------------------------+-------+-------++-------
Melee: Club              |     1 |       ||     1
       Short sword       |    10 |     7 ||    17
 Cast: Pain              |    24 |    11 ||    35
       Regeneration      |     1 |     1 ||     2
  Use: Potion            |     1 |     1 ||     2
 Stab: Sleeping          |     4 |     3 ||     7
Armor: Robe              |     3 |     1 ||     4
Dodge: Dodged            |     8 |     5 ||    13

Table legend:
 A = Turns spent in this place as a percentage of turns spent in the entire game.
 B = Non-inter-level travel turns spent in this place as a percentage of non-inter-level travel turns spent in the entire game.
 C = Inter-level travel turns spent in this place as a percentage of turns spent in this place.
 D = Turns resting spent in this place as a percentage of non-inter-level travel turns spent in this place.
 E = Turns spent auto-exploring this place as a percentage of non-inter-level travel turns spent in this place.
 F = Non-inter-level travel turns spent in this place divided by the number of levels of this place that you've seen.
                   A       B       C       D       E      F
               +-------+-------+-------+-------+-------+----------------------
         Total | 100.0 | 100.0 |   0.0 |   0.0 |   0.0 |  99.8
       Dungeon | 100.0 | 100.0 |   0.0 |   0.0 |   0.0 |  99.8
               +-------+-------+-------+-------+-------+----------------------

Table legend:
 A = Kills in this place as a percentage of kills in entire the game.
 B = Kills by you in this place as a percentage of kills by you in the entire game.
 C = Kills by friends in this place as a percentage of kills by friends in the entire game.
 D = Other kills in this place as a percentage of other kills in the entire game.
 E = Experience gained in this place as a percentage of experience gained in the entire game.
 F = Experience gained in this place divided by the number of levels of this place that you have seen.
                   A       B       C       D       E      F
               +-------+-------+-------+-------+-------+----------------------
         Total | 100.0 | 100.0 |   N/A |   N/A | 100.0 |  40.8
       Dungeon | 100.0 | 100.0 |   N/A |   N/A | 100.0 |  40.8
               +-------+-------+-------+-------+-------+----------------------

Vault maps used:
D:1:      dpeg_arrival_orchard, supply_closet_lemuel, st_stairs_9
D:2:      lemuel_doored_altar, overflow_temple_1_default,
          nicolae_overflow_hidden_temple, grunt_qazlal_clouds,
          makhleb_heckhound_becter
D:3:      nicolae_gozag_cash_rules_everything_around_me, uniq_sigmund
D:4:      tgw_sif, minmay_temple_entry_glassed_door, first_ration,
          minmay_shop_grid_forest, grunt_dithmenos_shadows
